 Dungeon Crawl Stone Soup version 0.31.0-11-ge490571c62 (webtiles) character file.

Game seed: 15711478984545340934

2492 Curundu the Cruncher (level 9, -4/121 HPs)
             Began as a Minotaur Berserker on Feb 1, 2024.
             Was a Priest of Trog.
             Slain by a yak (8 damage)
             ... on level 7 of the Dungeon.
             The game lasted 00:18:58 (5453 turns).

Curundu the Cruncher (Minotaur Berserker)           Turns: 5453, Time: 00:18:59

Health: -4/121     AC:  5    Str: 33    XL:     9   Next: 27%
Magic:  8/8        EV: 13    Int:  4    God:    Trog [***...]
Gold:   409        SH:  0    Dex:  9    Spells: 8/8 levels left

rFire   + . .        m - +4 quarterstaff (chaos)
rCold   . . .        (shield currently unavailable)
rNeg    . . .        b - +0 animal skin
rPois   .            (helmet restricted)
rElec   .            n - +0 cloak
rCorr   .            u - +1 pair of gloves
SInv    .            (no boots)
Will    ++...        (no amulet) Stlth
                     i - ring of protection from fire
HPRegen 1.40/turn    s - +6 ring of strength
MPRegen 0.11/turn

%: no passive effects
@: berserking, strong-willed, regenerating, very quick
A: horns 2, retaliatory headbutt
a: Renounce Religion, Berserk, Trog's Hand


You were on level 7 of the Dungeon.
You worshipped Trog.
Trog was most pleased with you.
You visited 1 branch of the dungeon, and saw 7 of its levels.

You collected 409 gold pieces.

Inventory:

Hand Weapons
 a - a +0 hand axe
 m - a +4 quarterstaff of chaos (weapon)
Missiles
 A - 2 boomerangs (quivered)
 B - 2 throwing nets
Armour
 b - a +0 animal skin (worn)
 n - a +0 cloak (worn)
 u - a +1 pair of gloves (worn)
Jewellery
 i - a ring of protection from fire (left hand)
 s - a +6 ring of strength (right hand)
 y - a ring of protection from fire
Wands
 e - a wand of paralysis (6)
 v - a wand of digging (8)
Scrolls
 c - a scroll of noise
 d - 4 scrolls of teleportation
 f - 2 scrolls of fog
 g - 2 scrolls of fear
 r - 3 scrolls of amnesia
 w - a scroll of identify
 x - a scroll of blinking
Potions
 h - 5 potions of haste
 j - 3 potions of lignification
 k - 2 potions of attraction
 l - a potion of curing {unknown}
 o - a potion of berserk rage {unknown}
 p - a potion of magic {unknown}
 q - a potion of invisibility {unknown}
 t - 3 potions of enlightenment
 z - a potion of might {unknown}


   Skills:
 + Level 8.1 Fighting
 + Level 5.7 Axes
 + Level 9.3 Staves
 + Level 2.9 Armour
 + Level 6.5 Dodging
 + Level 2.7 Stealth


You had 8 spell levels left.
You didn't know any spells.
Your spell library was empty.

Dungeon Overview and Level Annotations

Branches:
Dungeon (7/15)             Temple (0/1) D:6

Altars:
Makhleb

Shops:
D:2 *   D:3 ?   D:5 *


Innate Abilities, Weirdness & Mutations

You have a pair of horns on your head.
You reflexively headbutt those who attack you in melee.


Message History

The bullfrog barely misses you. The yak gores you!
The bullfrog closely misses you. You furiously retaliate!
You headbutt the bullfrog!!
You kill the bullfrog!
Trog accepts your kill. The yak closely misses you. The yak gores you!
* * * LOW HITPOINT WARNING * * *
You bludgeon the yak!!
You kill the yak!
Trog accepts your kill.
Your Staves skill increases to level 9!
You closely miss the yak. You headbutt the yak, but do no damage.
The yak gores you!
* * * LOW HITPOINT WARNING * * *
The yak barely misses you. You furiously retaliate!
You headbutt the yak!!
You kill the yak!
Trog accepts your kill. The yak gores you.
* * * LOW HITPOINT WARNING * * *
The yak gores you but does no damage.
Your Fighting skill increases to level 8!
You thump the yak! Lightning courses through the yak!
The yak is severely wounded.
You thump the yak! You burn the yak.
You kill the yak!
Trog accepts your kill. The yak gores you.
* * * LOW HITPOINT WARNING * * *
The yak gores you!
* * * LOW HITPOINT WARNING * * *
You hit the yak. You drain the yak. Your headbutt misses the yak.
The yak is moderately wounded.
Unknown command.
You sock the yak! You freeze the yak. You headbutt the yak!!
The yak is almost dead.
The yak completely misses you. The yak closely misses you.
You sock the yak! You burn the yak.
The yak is severely wounded.
The yak gores you!
You die...

############
..........[#
........[<.#
...........#
..........$# ...
...........# ....
......Y.Y..# #....
##.@...#####~....
#~...........~...
#~......[........
#~~~.......≈≈≈≈≈≈≈
#~~#..............
#~~##......≈..~~..~
#~~ ####.#≈~#~♣~#.~
#~# #.#~~.♣~~.≈~ #~
#.#..~.~.~~~


You could see 2 yaks.

Vanquished Creatures
  Maggie (D:6)
  3 yaks (D:7)
  Edmund (D:6)
  A water moccasin (D:6)
  An ice beast (D:6)
  A black bear (D:5)
  An ogre (D:6)
  2 centaurs (D:5)
  2 bullfrogs
  3 scorpions
  2 bombardier beetles
  4 hounds
  Crazy Yiuf (D:2)
  A jelly (D:4)
  2 sleepcaps
  Jessica (D:2)
  3 iguanas
  6 orc wizards
  4 gnolls (D:3)
  6 adders
  A shadow imp (D:6)
  2 white imps
  6 ufetubi
  3 dart slugs
  4 ribbon worms
  14 orcs
  9 ball pythons
  7 endoplasms
  2 giant cockroaches
  6 goblins
  8 hobgoblins
  2 jackals (D:1)
  4 quokkas
  9 bats
  3 frilled lizards (D:2)
  10 kobolds
  6 rats
142 creatures vanquished.

Notes
Turn   | Place    | Note
-------+----------+-------------------------------------------
     0 | D:1      | Curundu the Minotaur Berserker began the quest for the Orb.
     0 | D:1      | Reached XP level 1. HP: 19/19 MP: 0/0
   126 | D:1      | Reached XP level 2. HP: 27/27 MP: 1/1
   182 | D:1      | Found a faded altar of an unknown god.
   434 | D:2      | Noticed Jessica
   441 | D:2      | Killed Jessica
   442 | D:2      | Reached XP level 3. HP: 34/34 MP: 2/2
   535 | D:2      | Reached ** piety under Trog
   639 | D:2      | Reached XP level 4. HP: 34/41 MP: 3/3
   773 | D:2      | Found Kawafodets's Assorted Antiques.
   959 | D:2      | Identified the +2 robe "Hiop" {rC+ Slay+3}
  1097 | D:2      | Found a runed translucent door.
  1098 | D:2      | Noticed Crazy Yiuf
  1106 | D:2      | Killed Crazy Yiuf
  1107 | D:2      | Reached skill level 5 in Axes
  1210 | D:3      | Reached skill level 5 in Fighting
  1211 | D:3      | Reached XP level 5. HP: 48/48 MP: 4/4
  1576 | D:3      | Reached skill level 1 in Staves
  1579 | D:3      | Reached XP level 6. HP: 49/56 MP: 5/5
  1757 | D:3      | Reached skill level 2 in Staves
  1874 | D:3      | Found Valagen's Magic Scroll Shop.
  1935 | D:3      | Found a burning altar of Makhleb.
  2248 | D:4      | Reached *** piety under Trog
  2415 | D:4      | Reached skill level 3 in Staves
  2415 | D:4      | Reached skill level 1 in Stealth
  3081 | D:5      | Entered Level 5 of the Dungeon
  3102 | D:5      | Reached XP level 7. HP: 38/63 MP: 6/6
  3202 | D:5      | Reached skill level 4 in Staves
  3441 | D:5      | Reached skill level 5 in Staves
  3551 | D:5      | Found Exzejaba's Neck Hole.
  3730 | D:5      | Reached skill level 5 in Dodging
  4039 | D:5      | Reached XP level 8. HP: 66/71 MP: 7/7
  4321 | D:6      | Reached skill level 6 in Staves
  4353 | D:6      | Noticed Edmund
  4359 | D:6      | Killed Edmund
  4421 | D:6      | Noticed Maggie
  4435 | D:6      | Killed Maggie
  4436 | D:6      | Reached skill level 7 in Staves
  4740 | D:6      | Reached skill level 8 in Staves
  5257 | D:6      | Reached XP level 9. HP: 80/80 MP: 8/8
  5265 | D:6      | Found a staircase to the Ecumenical Temple.
  5448 | D:7      | Reached skill level 9 in Staves
  5450 | D:7      | HP: 1/121 [yak (9)]
  5453 | D:7      | Slain by a yak

Illustrated notes

Levels and vault maps discovered:
D:1:      lightli_arrival_statue_moat, layout_rooms,
          shapermc_ecumenical_altar_acropolis, serial_bayou_ford_a,
          minmay_statues_item
D:2:      layout_loops_cross, serial_shops, shop, minmay_heptomino_h4,
          uniq_crazy_yiuf_cottage, uniq_jessica
D:3:      minmay_spotlight, layout_basic, nicolae_overflow_crystal_walls,
          serial_shops, shop, kennysheep_minor_cross
D:4:      layout_basic, minmay_fountain_box, minmay_circle_x
D:5:      layout_gridville, chequers_serial_rivers_large_a,
          minmay_misc_feat_nine_boxes, nicolae_shop_sticking_my_neck_out
D:6:      layout_basic, minmay_temple_entry_poolview, uniq_maggie, uniq_edmund
D:7:      layout_gridville, nicolae_overflow_hidden_temple, serial_rivers,
          chequers_serial_rivers_marsh, chequers_serial_rivers_large_b,
          chequers_serial_rivers_room_a, chequers_serial_rivers_marsh,
          chequers_serial_rivers_small_a, chequers_serial_rivers_micro_e,
          enter_bailey_3

Skill      XL: |  1  2  3  4  5  6  7  8  9 |
---------------+----------------------------+-----
Fighting       | 4 5 6 7 8 |  8.1
Axes           | 4 5 |  5.7
Dodging        | 3 4 5 6 |  6.5
Staves         | 1 3 5 8 9 |  9.3
Stealth        | 1 2 |  2.7
Armour         | |  2.9

Action                     |  1- 3 |  4- 6 |  7- 9 || total
---------------------------+-------+-------+-------++-------
  Melee: Hand axe          |    48 |    26 |       ||    74
         Headbutt          |     7 |    15 |    15 ||    37
         Punch             |     2 |     1 |       ||     3
         Quarterstaff      |       |    98 |    92 ||   190
 Invoke: Trog's Hand       |       |     3 |     5 ||     8
         Berserk           |       |     2 |     2 ||     4
    Use: Scroll            |       |     5 |     8 ||    13
   Stab: Confused          |       |     1 |       ||     1
         Sleeping          |       |       |     2 ||     2
 Armour: Animal skin       |    19 |   113 |    85 ||   217
  Dodge: Dodged            |    46 |    85 |    83 ||   214
